 Dungeon Crawl Stone Soup version 0.15.2 (webtiles) character file.

2005 theanonym the Carver (level 9, -2/88 HPs)
             Began as a High Elf Death Knight on Dec 6, 2018.
             Was an Elder of Yredelemnul.
             Killed from afar by Psyche (8 damage)
             ... with a puff of frost
             ... on Level 8 of the Dungeon.
             The game lasted 00:19:10 (5699 turns).

theanonym the Carver (High Elf Death Knight)        Turns: 5699, Time: 00:19:11

HP  -2/88        AC 14     Str 20      XL: 9   Next:  2%
MP  19/19        EV  8     Int 15      God: Yredelemnul [****..]
Gold 19          SH  8     Dex 16      Spells:  0 memorised,  8 levels left

rFire  . . .     SeeInvis .     a - +2 falchion (slice) (curse)
rCold  . . .     Clarity  .     s - +0 scale mail (curse)
rNeg   . . .     rCorr    .     g - +0 shield (curse)
rPois  .         rRot     .     t - +2 hat (curse)
rElec  .         Spirit   .     F - +2 cloak {+Inv}
SustAb .         Warding  .     (no gloves)
rMut   .         Stasis   .     w - +2 pair of boots
Gourm  .                        (no amulet)
MR     .....                    p - cursed +3 ring of evasion
                                i - cursed ring of regeneration

@: berserking, very quick, not resistant to hostile enchantments, extremely
unstealthy
A: no striking features
a: Animate Dead, Recall Undead Slaves, Injury Mirror, Drain Life, Renounce
Religion, Evoke Invisibility


   Skills:
 + Level 4.7 Fighting
 * Level 12.8 Long Blades
 - Level 0.8 Armour
 - Level 1.1 Dodging
 - Level 3.0 Invocations


You had 8 spell levels left.
You didn't know any spells.

Action                   |  1- 3 |  4- 6 |  7- 9 || total
-------------------------+-------+-------+-------++-------
Melee: Falchion          |   142 |   261 |   422 ||   825
Invok: Animate Remains   |    19 |     8 |       ||    27
       Animate Dead      |       |     6 |    11 ||    17
       Injury Mirror     |       |       |     1 ||     1
Evoke: Wand              |       |     9 |     2 ||    11
  Use: Scroll            |     2 |     9 |     7 ||    18
       Potion            |       |     2 |     1 ||     3
 Stab: Distracted        |     1 |     2 |     3 ||     6
       Paralysed         |       |    10 |       ||    10
  Eat: Chunk             |     4 |     7 |     8 ||    19
       Meat ration       |       |       |     1 ||     1

Inventory:

Hand weapons
 a - a cursed +2 falchion of slicing (weapon)
   (You took it off Eustachio on level 4 of the Dungeon)
Armour
 g - a cursed +0 shield (worn)
   (You found it on level 1 of the Dungeon)
 s - a cursed +0 scale mail (worn)
   (You bought it in a shop on level 4 of the Dungeon)
 t - a cursed +2 hat (worn)
   (You found it on level 3 of the Dungeon)
 w - a +2 pair of boots (worn)
   (You found it on level 3 of the Dungeon)
 F - a +2 cloak of darkness (worn)
   (You bought it in a shop on level 4 of the Dungeon)
Magical devices
 d - a wand of fireball (3)
   (You took it off Eustachio on level 4 of the Dungeon)
 j - a wand of paralysis (0)
   (You found it on level 3 of the Dungeon)
 n - a wand of flame (0)
   (You took it off Ijyb on level 3 of the Dungeon)
 q - a wand of enslavement (13)
   (You found it on level 3 of the Dungeon)
 E - a wand of confusion (12) {unknown}
   (You found it on level 5 of the Dungeon)
Comestibles
 c - 5 bread rations
 f - a rotting chunk of centaur flesh
Scrolls
 k - 3 scrolls of enchant weapon
 l - 4 scrolls of teleportation {!r}
 v - a scroll of blinking
 y - a scroll of immolation
 A - 2 scrolls of remove curse
Jewellery
 i - a cursed ring of regeneration (left hand)
   (You found it on level 2 of the Dungeon)
 p - a cursed +3 ring of evasion (right hand)
   (You found it on level 2 of the Dungeon)
Potions
 e - a potion of cancellation
 h - a potion of restore abilities
 m - 5 potions of curing
 o - a potion of resistance
 r - a potion of haste {unknown}
 u - 2 potions of berserk rage
 x - 2 potions of might
 z - 2 potions of poison
 B - a potion of brilliance
 C - a potion of invisibility {unknown}
 D - 2 potions of agility {unknown}


You were on level 8 of the Dungeon.
You worshipped Yredelemnul.
Yredelemnul was greatly pleased with you.
You were not hungry.

You visited 1 branch of the dungeon, and saw 8 of its levels.
You also visited: Ossuary.

You collected 379 gold pieces.
You spent 360 gold pieces at shops.

Dungeon Overview and Level Annotations

Branches:
Dungeon (9/15)             Temple (0/1) D:4
    Orc: D:9-12        Lair: D:8-11

Altars:
Ashenzari
Elyvilon
Xom
Zin

Shops:
D:4 [   D:5 }

Annotations:
D:8 Psyche

#.......###.##
#...##.##
##Z######
##.###.###
##.....#
#.#.._..
##.####.#
##)#.#.#)##.##
.# .......#.#..#
.# ##..>.###.#.#
.# #..#.#
#.#.#####.######
#..#.#
#.#.....@@.....#
#.....
..#########.##.#
##.#.#### ..#.#
#.#.# ....# # .


You could see Psyche.

Notes
Turn   | Place    | Note
--------------------------------------------------------------
     0 | D:1      | theanonym, the High Elf Death Knight, began the quest for the Orb.
     0 | D:1      | Reached XP level 1. HP: 14/14 MP: 3/3
    20 | D:1      | Reached skill level 3 in Long Blades
    87 | D:1      | Reached XP level 2. HP: 14/19 MP: 2/4
   239 | D:1      | HP: 9/19 [hobgoblin/club (2)]
   432 | D:1      | Acquired Yredelemnul's second power
   436 | D:1      | Reached skill level 4 in Long Blades
   695 | D:1      | HP: 9/19 [hobgoblin/club (4)]
   697 | D:1      | Reached XP level 3. HP: 7/24 MP: 7/7
   869 | D:1      | HP: 10/24 [kobold/short sword (3)]
   878 | D:1      | HP: 8/24 [rat (1)]
  1618 | D:2      | Reached skill level 5 in Long Blades
  1741 | D:2      | Found a glowing silver altar of Zin.
  1751 | D:2      | Reached XP level 4. HP: 26/29 MP: 9/9
  2063 | D:3      | Noticed Ijyb
  2075 | D:3      | HP: 13/29 [Ijyb/wand of flame (10)]
  2080 | D:3      | HP: 10/29 [poisoned by an adder]
  2086 | D:3      | HP: 11/29 [poisoned by an adder]
  2092 | D:3      | HP: 3/29 [Ijyb/wand of flame (10)]
  2097 | D:3      | HP: 3/29 [poisoned by an adder]
  2097 | D:3      | HP: 1/29 [hobgoblin/club (2)]
  2202 | D:3      | Killed Ijyb
  2202 | D:3      | Reached skill level 6 in Long Blades
  2235 | D:3      | Reached XP level 5. HP: 30/34 MP: 11/11
  2360 | D:3      | Acquired Yredelemnul's third power
  2631 | D:4      | Reached skill level 7 in Long Blades
  2738 | D:4      | Reached XP level 6. HP: 39/39 MP: 13/13
  2872 | D:4      | HP: 19/39 [adder (4)]
  2876 | D:4      | Reached skill level 8 in Long Blades
  2953 | D:4      | Noticed an ogre
  2964 | D:4      | Killed an ogre
  3024 | D:4      | Reached skill level 9 in Long Blades
  3053 | D:4      | Found a shattered altar of Ashenzari.
  3074 | D:4      | HP: 16/39 [worker ant (7)]
  3081 | D:4      | HP: 9/39 [poisoned by a worker ant]
  3089 | D:4      | HP: 11/39 [poisoned by a worker ant]
  3138 | D:4      | Noticed Grinder
  3141 | D:4      | Paralysed by Grinder for 7 turns
  3157 | D:4      | Killed Grinder
  3157 | D:4      | Reached XP level 7. HP: 45/45 MP: 16/16
  3165 | D:4      | Found a staircase to the Ecumenical Temple.
  3181 | D:4      | Noticed a phantom
  3228 | D:4      | Reached skill level 10 in Long Blades
  3229 | D:4      | Received a gift from Yredelemnul
  3242 | D:4      | Killed a phantom
  3260 | D:4      | Noticed an ogre
  3265 | D:4      | HP: 19/45 [ogre/giant spiked club (10)]
  3270 | D:4      | HP: 9/45 [ogre/giant spiked club (13)]
  3271 | D:4      | Killed an ogre
  3404 | D:4      | Noticed Eustachio
  3439 | D:4      | HP: 20/45 [Eustachio/runed falchion (6)]
  3445 | D:4      | HP: 14/45 [Eustachio/runed falchion (7)]
  3465 | D:4      | HP: 22/45 [quasit[Eustachio] (1)]
  3468 | D:4      | Killed Eustachio
  3468 | D:4      | Reached skill level 11 in Long Blades
  3625 | D:4      | Found Phay's Armour Emporium.
  3650 | D:4      | Bought a +0 buckler for 54 gold pieces
  3863 | D:4      | Bought a +0 scale mail for 48 gold pieces
  3879 | D:5      | Entered Level 5 of the Dungeon
  3918 | D:5      | Reached XP level 8. HP: 46/51 MP: 17/17
  4028 | D:5      | Found a sand-covered staircase.
  4039 | Ossuary  | Entered an ossuary
  4426 | Ossuary  | Reached skill level 3 in Fighting
  4656 | D:5      | Acquired Yredelemnul's fourth power
  4731 | D:5      | Received a gift from Yredelemnul
  4916 | D:5      | Reached skill level 12 in Long Blades
  4967 | D:5      | Reached skill level 4 in Fighting
  5135 | D:5      | Found Jutet's Gadget Shoppe.
  5183 | D:4      | Bought a +2 cloak of darkness for 258 gold pieces
  5455 | D:6      | HP: 27/54 [centaur (1)]
  5458 | D:6      | Received a gift from Yredelemnul
  5541 | D:6      | Found a shimmering altar of Xom.
  5557 | D:6      | You fall through a shaft for 3 floors!
  5564 | D:9      | Noticed a troll
  5568 | D:8      | Found a white marble altar of Elyvilon.
  5585 | D:8      | Reached XP level 9. HP: 52/59 MP: 7/19
  5687 | D:8      | Noticed Psyche
  5692 | D:8      | HP: 24/59 [Psyche/wand of lightning (14)]
  5694 | D:8      | HP: 3/59 [Psyche/puff of flame (10)]
  5699 | D:8      | Killed from afar by Psyche

Vanquished Creatures
  Grinder (D:4)
  3 ogres
  An ice beast (D:5)
  A centaur (D:6)
  4 big kobolds (D:5)
  2 giant frogs
  A scorpion (D:4)
  A crimson imp (D:5)
  2 hounds (D:4)
  A centaur skeleton (D:5)
  An iron imp (D:4)
  An orc wizard (D:4)
  2 worker ants
  Ijyb (D:3)
  A hound skeleton (D:5)
  11 mummies (Ossuary)
  10 adders
  An inept item mimic (D:2)
  A worm (D:3)
  A giant mite (D:2)
  An adder skeleton (D:5)
  3 giant geckos
  An ooze (D:3)
  15 orcs
  9 bats
  8 goblins
  14 hobgoblins
  3 jackals (D:3)
  38 kobolds
  2 quokkas
  3 ball pythons
  4 giant cockroaches
  4 giant newts
  5 goblin skeletons (Ossuary)
  A kobold skeleton (Ossuary)
  3 orc skeletons
  26 rats
  11 rat skeletons (Ossuary)
198 creatures vanquished.

Vanquished Creatures (collateral kills)
  Eustachio (D:4)
  An ogre (D:4)
  A phantom (D:4)
  An orc priest (D:3)
  An iron imp (D:4)
  A worker ant (D:4)
  An orc wizard (D:4)
  2 adders
  A worm (D:4)
  A giant gecko (D:4)
  An orc (D:4)
  2 giant cockroaches
  2 goblins (D:1)
  3 hobgoblins
  6 kobolds
  2 bats
  2 giant newts (D:2)
  A rat (D:2)
30 creatures vanquished.

Vanquished Creatures (others)
  An ogre zombie (D:4)
  A hound zombie (D:4)
  A worker ant zombie (D:8)
  3 adder zombies
  An adder skeleton (D:4)
  A giant gecko zombie (D:3)
  A giant newt zombie (D:3)
  3 hobgoblin zombies
  2 jackal zombies (D:3)
  A kobold zombie (D:5)
  6 orc zombies
  3 rat zombies
24 creatures vanquished.

Grand Total: 252 creatures vanquished

Table legend:
 A = Turns spent in this place as a percentage of turns spent in the entire game.
 B = Non-inter-level travel turns spent in this place as a percentage of non-inter-level travel turns spent in the entire game.
 C = Inter-level travel turns spent in this place as a percentage of turns spent in this place.
 D = Turns resting spent in this place as a percentage of non-inter-level travel turns spent in this place.
 E = Turns spent auto-exploring this place as a percentage of non-inter-level travel turns spent in this place.
 F = Non-inter-level travel turns spent in this place divided by the number of levels of this place that you've seen.
                   A       B       C       D       E      F
               +-------+-------+-------+-------+-------+----------------------
         Total | 100.0 | 100.0 |   0.6 |   3.9 |  10.7 | 269.1
       Dungeon |  89.8 |  89.8 |   0.6 |   3.4 |  10.0 | 271.8
       Ossuary |  10.2 |  10.2 |   0.0 |   7.7 |  16.1 | 248.0
               +-------+-------+-------+-------+-------+----------------------
